 Dungeon Crawl Stone Soup version 0.25-a0-1130-g3926558f3a (webtiles) character file.

Game seed: 12434514490042971956, levelgen mode: classic

138 Amnesiac the Digger (level 5, -16/24 HPs)
             Began as a Vine Stalker Earth Elementalist on May 20, 2020.
             Blown up by Maggie (21 damage)
             ... with a disintegration bolt
             ... on level 6 of the Dungeon.
             The game lasted 00:02:58 (716 turns).

Amnesiac the Digger (VSEE)                           Turns: 716, Time: 00:02:59

Health: -16/24     AC:  2    Str: 12    XL:     5   Next: 21%
Magic:  0/20       EV: 12    Int: 21    God:
Gold:   34         SH:  0    Dex: 14    Spells: 4/10 levels left

rFire    . . .     SeeInvis .   (no weapon)
rCold    . . .     Gourm    .   (no shield)
rNeg     . . .     Faith    .   c - +0 robe
rPois    .         Spirit   +   (no helmet)
rElec    .         Reflect  .   (no cloak)
rCorr    .         Harm     .   (no gloves)
MR       .....                  (no boots)
Stlth    ++........             (no amulet)
HPRegen  0.48/turn              i - +6 ring of intelligence
MPRegen  0.17/turn              j - ring of magical power

@: very slightly contaminated
A: fangs 2, regeneration 1, magic shield, antimagic bite, no potion heal 3, rot
immunity
a: no special abilities


You were on level 6 of the Dungeon.
You were not hungry.

You visited 1 branch of the dungeon, and saw 6 of its levels.

You collected 34 gold pieces.

Inventory:

Missiles
 b - 32 stones (quivered)
Armour
 c - a +0 robe (worn)
Jewellery
 i - a +6 ring of intelligence (left hand)
 j - a ring of magical power (right hand)
Scrolls
 e - 2 scrolls of identify {!r, unknown}
 h - 2 scrolls of remove curse {!r, unknown}
Potions
 a - a potion of curing {!q, unknown}
 g - 2 potions of berserk rage {!q, unknown}
Comestibles
 d - a ration
 f - 5 chunks of flesh


   Skills:
 - Level 1.5 Dodging
 - Level 3.0 Stealth
 + Level 3.4 Spellcasting
 + Level 3.4 Transmutations
 + Level 3.4 Earth Magic


You had 4 spell levels left.
You knew the following spells:

 Your Spells              Type           Power        Failure   Level  Hunger
a - Sandblast             Erth           ###...       3%          1    None
b - Passwall              Tmut/Erth      ###.....     4%          2    ##.....
z - Confusing Touch       Hex            #.......     36%         3    ###....

Your spell library contained the following spells:

 Spells                   Type           Power        Failure   Level  Hunger
 Stone Arrow              Conj/Erth      ##....       19%         3    ###....
 Petrify                  Tmut/Erth      ###.....     30%         4    ####...
 Gell's Gravitas          Tloc           #.........   36%         3    ###....
 Lee's Rapid Deconstruct  Erth           ###.......   65%         5    ######.
 Yara's Violent Unravell  Hex/Tmut       ##........   87%         5    ######.
 Metabolic Englaciation   Hex/Ice        #.........   98%         5    ######.


Dungeon Overview and Level Annotations

Branches:
Dungeon (6/15)
 Temple: D:4-7

Altars:
Yredelemnul

Annotations:
D:6 Maggie


Innate Abilities, Weirdness & Mutations

You have extremely sharp teeth.
Your natural rate of healing is unusually fast.
When hurt, damage is shared between your health and your magic reserves.
Your bite disrupts and absorbs the magic of your enemies.
Potions cannot restore your health.
You are immune to rotting.


Message History

Confirm with . or Enter, or press ? or * to list all spells.
Aiming: Sandblast (safe; 3% risk of failure)
Press: ? - help, Shift-Dir - straight line, f/p - phantom
Aim: a phantom (lightly damaged)
The blast of sand hits the phantom.
The phantom is moderately damaged.
b - 36 stones Unknown command.
Casting: Sandblast (safe; 3% risk of failure)
Confirm with . or Enter, or press ? or * to list all spells.
Aiming: Sandblast (safe; 3% risk of failure)
Press: ? - help, Shift-Dir - straight line, f/p - phantom
Aim: a phantom (moderately damaged)
The blast of sand hits the phantom!
The phantom is moderately damaged.
b - 35 stones The phantom misses you.
Unknown command.
Casting: Sandblast (safe; 3% risk of failure)
Confirm with . or Enter, or press ? or * to list all spells.
Aiming: Sandblast (safe; 3% risk of failure)
Press: ? - help, Shift-Dir - straight line, f/p - phantom
Aim: a phantom (moderately damaged)
You miscast Sandblast.
You are very lightly contaminated with residual magic.
Nothing appears to happen.
The phantom hits you!
Unknown command.
Casting: Sandblast (safe; 3% risk of failure)
Confirm with . or Enter, or press ? or * to list all spells.
Aiming: Sandblast (safe; 3% risk of failure)
Press: ? - help, Shift-Dir - straight line, f/p - phantom
Aim: a phantom (moderately damaged)
The blast of sand hits the phantom.
The phantom is heavily damaged.
b - 34 stones The phantom hits you.
Unknown command.
Casting: Sandblast (safe; 3% risk of failure)
Confirm with . or Enter, or press ? or * to list all spells.
Aiming: Sandblast (safe; 3% risk of failure)
Press: ? - help, Shift-Dir - straight line, f/p - phantom
Aim: a phantom (heavily damaged)
The blast of sand misses the phantom.
b - 33 stones The phantom hits you!
* * * LOW HITPOINT WARNING * * *
Unknown command.
There is an open door here.
Casting: Sandblast (safe; 3% risk of failure)
Confirm with . or Enter, or press ? or * to list all spells.
Aiming: Sandblast (safe; 3% risk of failure)
Press: ? - help, Shift-Dir - straight line, f/p - phantom
Aim: a phantom (heavily damaged)
The blast of sand misses the phantom.
b - 32 stones The phantom hits you!
* * * LOW HITPOINT WARNING * * *
Unknown command.
An orc and Maggie come into view.
Maggie is wielding a +0 halberd and carrying a wand of disintegration (14).
Maggie shouts!
Maggie zaps a wand.
You are blasted!
Ouch! That really hurt!
You die...

#.. ####### #.#
#......#####.#
#.........##.#
@.........##.###########
.(.......'.............
.........##.##.########
##.###.#####.##÷#
.......@W....##.####
###..(.########....#
#....#.....##....#
#....#....<.÷....+
#....########....#####
...... #...............
####... #.#####.....####
#..o #..........###
....###.####....


You could see Maggie, a phantom and an orc (wandering).

Vanquished Creatures
  A bullfrog (D:6)
  A bullfrog skeleton (D:6)
  4 adders
  An ooze (D:3)
  A dart slug (D:3)
  A giant cockroach (D:2)
  A hobgoblin (D:2)
  A frilled lizard (D:3)
  2 rats (D:2)
13 creatures vanquished.

Notes
Turn   | Place    | Note
-------+----------+-------------------------------------------
     0 | D:1      | Amnesiac the Vine Stalker Earth Elementalist began the
                  | quest for the Orb.
     0 | D:1      | Reached XP level 1. HP: 9/9 MP: 4/4
   106 | D:2      | Reached XP level 2. HP: 13/13 MP: 2/6
   110 | D:2      | Learned a level 2 spell: Passwall
   274 | D:2      | Found a basalt altar of Yredelemnul.
   550 | D:3      | Reached XP level 3. HP: 16/16 MP: 8/8
   555 | D:3      | Learned a level 3 spell: Confusing Touch
   642 | D:5      | Entered Level 5 of the Dungeon
   666 | D:6      | Noticed a bullfrog
   678 | D:6      | Killed a bullfrog
   678 | D:6      | Gained mutation: Your natural rate of healing is unusually
                  | fast. [Vine Stalker growth]
   678 | D:6      | Reached XP level 4. HP: 16/21 MP: 9/9
   686 | D:6      | Reached XP level 5. HP: 20/24 MP: 9/11
   692 | D:6      | Noticed a phantom
   716 | D:6      | Noticed Maggie
   716 | D:6      | Blown up by Maggie

Illustrated notes

Levels and vault maps discovered:
D:1:      minmay_arrival_loop, layout_loops_ring, minmay_fountain_box,
          minivault_25
D:2:      layout_basic, lemuel_doored_altar, minmay_divided_ellipse
D:3:      layout_basic, first_ration, chequers_serial_rivers_small_3
D:4:      layout_loops_cross, gammafunk_temple_overflow_arena,
          minmay_temple_entry_fiery, minmay_misc_feat_encased,
          uniq_blork_the_orc
D:5:      layout_loops_corners, lemuel_coloured_pillars_altar,
          minmay_gold_behind_fungi, nicolae_qazlal_style_of_elements
D:6:      layout_basic, gup_sewer_entry_bowl, uniq_crazy_yiuf_cottage,
          uniq_grinder, uniq_maggie

Skill      XL: |  1  2  3 |
---------------+----------+-----
Stealth        | 3 |  3.0
Spellcasting   | 3 |  3.4
Transmutations | 3 |  3.4
Dodging        | |  1.5
Earth Magic    | |  3.4

Action                   |  1- 3 |  4- 6 || total
-------------------------+-------+-------++-------
Melee: Unarmed           |    31 |     2 ||    33
       Bite              |     9 |     1 ||    10
 Cast: Sandblast         |    13 |    10 ||    23
 Stab: Sleeping          |     2 |       ||     2
Armor: Robe              |     5 |       ||     5
Dodge: Dodged            |    17 |     3 ||    20

Table legend:
 A = Non-vault XP
 B = Vault XP
 C = Vault XP percentage of total XP
 D = Non-vault monster count
 E = Vault monster count
 F = Vault count percentage of total count
                 A         B        C        D         E       F
            +---------+---------+-------+---------+---------+-------
      Total |     198 |       0 |   0.0 |      13 |       0 |   0.0
            +---------+---------+-------+---------+---------+-------
        D:2 |      32 |       0 |   0.0 |       6 |       0 |   0.0
        D:3 |      26 |       0 |   0.0 |       4 |       0 |   0.0
        D:6 |     140 |       0 |   0.0 |       3 |       0 |   0.0
            +---------+---------+-------+---------+---------+-------
